 Dungeon Crawl Stone Soup version 0.29-a0-962-gc8bbfd0a37 (webtiles) character file.

Game seed: 11251140250893417142

52920 sanka the Thaumaturge (level 14, 0/113 HPs)
             Began as a Gnoll Conjurer on July 30, 2022.
             Was a Believer of Ashenzari.
             Killed from afar by Jorgrun (30 damage)
             ... with an iron shot
             ... on level 1 of the Orcish Mines.
             The game lasted 01:16:10 (30283 turns).

sanka the Thaumaturge (Gnoll Conjurer)             Turns: 30283, Time: 01:16:11

Health: 0/113      AC: 14    Str:  7    XL:     14   Next: 66%
Magic:  20/30      EV: 14    Int: 27    God:    Ashenzari [**....]
Gold:   2692       SH:  0    Dex: 12    Spells: 27/37 levels left

rFire   + + .      SeeInvis +   a - +8 lance "Wyrmbane" {slay drac, rPois rF+ rC+ AC+3, Cun, Elem} (curse)
rCold   + . .      Faith    .   (no shield)
rNeg    . . .      Spirit   .   E - +2 robe "Cryptic Omen" {Will+, Melee, Bglg} (curse)
rPois   +          Reflect  .   (no helmet)
rElec   .          Harm     .   (no cloak)
rCorr   .          Rampage  .   g - +0 pair of gloves
Will    ++...                   K - +0 pair of boots
Stlth   +++++.....              o - amulet "Uzidayca" {rF+ Regen+}
HPRegen 1.08/turn               P - ring "Lashed Paranoia" {Int+6, Elem, Melee} (curse)
MPRegen 0.22/turn               w - ring "I Foresaw This" {AC+4, Bglg, Self} (curse)

@: grasped by roots, constricted
A: fangs 1, strong nose, distributed training
a: Renounce Religion, Curse Item, Shatter the Chains


You were on level 1 of the Orcish Mines.
You worshipped Ashenzari.
Ashenzari was pleased with you.
You visited 4 branches of the dungeon, and saw 19 of its levels.
You also visited: Bailey and Volcano.

You collected 2692 gold pieces.


Innate Abilities, Weirdness & Mutations

You have very sharp teeth.
Your uncanny sense of smell can sniff out nearby items.
Your experience applies equally to all skills.


   Skills:
 + Level 9.7(11.0) Fighting
 + Level 9.7(11.6) Short Blades
 + Level 9.7(11.6) Long Blades
 + Level 9.7(11.6) Axes
 + Level 9.7(11.6) Maces & Flails
 + Level 9.7(11.6) Polearms
 + Level 9.7(11.6) Staves
 + Level 9.7 Ranged Weapons
 + Level 9.7 Throwing
 + Level 9.7 Armour
 + Level 10.8(12.0) Dodging
 + Level 10.6(11.8) Stealth
 + Level 9.7 Shields
 + Level 9.7(11.6) Unarmed Combat
 + Level 11.0(12.2) Spellcasting
 + Level 10.8(12.7) Conjurations
 + Level 8.1(10.1) Hexes
 + Level 8.1 Summonings
 + Level 8.1 Necromancy
 + Level 8.1(10.1) Translocations
 + Level 8.1 Transmutations
 + Level 8.1(10.1) Fire Magic
 + Level 8.1(10.1) Ice Magic
 + Level 8.1(10.1) Air Magic
 + Level 8.1(10.1) Earth Magic
 + Level 8.1 Poison Magic
 + Level 10.6 Invocations
 + Level 9.7 Evocations


You had 27 spell levels left.
You knew the following spells:

 Your Spells              Type           Power      Damage    Failure   Level
c - Stone Arrow           Conj/Erth      100%       3d13      1%          3
x - Searing Ray           Conj           100%       2d8       1%          2
z - Magic Dart            Conj           100%       1d8       1%          1
Z - Fulminant Prism       Conj/Hex       33%        3d16      1%          4

Your spell library contained the following spells:

 Spells                   Type           Power      Damage    Failure   Level
 Freeze                   Ice            100%       1d11      1%          1
 Sandblast                Erth           100%       2d20      1%          1
 Sting                    Tmut/Pois      100%       1d8       1%          1
 Ensorcelled Hibernation  Hex/Ice        100%       N/A       1%          2
 Passwall                 Tmut/Erth      50%        N/A       1%          2
 Poisonous Vapours        Pois/Air       100%       N/A       1%          2
 Static Discharge         Conj/Air       67%        3-12/arc  1%          2
 Sublimation of Blood     Necr           57%        N/A       1%          2
 Dazzling Flash           Conj/Hex       100%       N/A       1%          3
 Frozen Ramparts          Ice            100%       1d12      1%          3
 Gell's Gravitas          Tloc           63%        N/A       1%          3
 Ozocubu's Armour         Ice            63%        N/A       1%          3
 Spider Form              Tmut/Pois      57%        N/A       1%          3
 Teleport Other           Tloc           63%        N/A       1%          3
 Anguish                  Hex/Necr       30%        N/A       1%          4
 Corpse Rot               Necr/Pois/Air  59%        N/A       1%          4
 Dispel Undead            Necr           57%        3d20      1%          4
 Hailstorm                Conj/Ice       67%        3d14      1%          4
 Iskenderun's Mystic Bla  Conj/Tloc      67%        2d14      1%          4
 Olgreb's Toxic Radiance  Pois           57%        N/A       1%          4
 Lightning Bolt           Conj/Air       33%        1d51      1%          5
 Metabolic Englaciation   Hex/Ice        31%        N/A       1%          5
 Conjure Ball Lightning   Conj/Air       33%        3x3d11    4%          6
 Dispersal                Tloc           31%        N/A       9%          6
 Simulacrum               Ice/Necr       30%        N/A       12%         6
 Death Channel            Necr           28%        N/A       19%         6
 Discord                  Hex            31%        N/A       98%         8
 Disjunction              Tloc           31%        N/A       98%         8
 Maxwell's Capacitive Co  Air            31%        ∞         98%         8

Inventory:

Hand Weapons
 a - the cursed +8 lance "Wyrmbane" (weapon) {slay drac, rPois rF+ rC+ AC+3, Cun, Elem}

   It inflicts extra damage against dragons and draconians.
   AC:        It affects your AC (+3).
   rF:        It protects you from fire.
   rC:        It protects you from cold.
   rPois:     It protects you from poison.
   It has a curse which improves the following skills: Cunning: Dodging and
   Stealth.
   Elements:  Fire Magic, Ice Magic, Air Magic and Earth Magic.
Missiles
 B - 2 throwing nets {=f}
 S - 11 silver javelins
 X - 2 curare-tipped darts {=f}
Armour
 g - a +0 pair of gloves (worn)
 E - the cursed +2 robe "Cryptic Omen" (worn) {Will+, Melee, Bglg}

   It has a curse which improves the following skills: Melee Combat: Short
   Blades, Long Blades, Axes, Maces & Flails, Polearms, Staves and Unarmed
   Combat.
   Beguiling: Conjurations, Hexes and Translocations.
 K - a +0 pair of boots (worn)
Jewellery
 o - the amulet "Uzidayca" (around neck) {rF+ Regen+}

   [amulet of regeneration]

   rF:        It protects you from fire.
   Regen:     It increases your rate of health regeneration.
 w - the cursed ring "I Foresaw This" (right hand) {AC+4, Bglg, Self}

   [ring of protection]

   AC:        It affects your AC (+4).
   It has a curse which improves the following skills: Beguiling: Conjurations,
   Hexes and Translocations.
   Introspection: Fighting and Spellcasting.
 P - the cursed ring "Lashed Paranoia" (left hand) {Int+6, Elem, Melee}

   [ring of intelligence]

   Int:       It affects your intelligence (+6).
   It has a curse which improves the following skills: Elements: Fire Magic, Ice
   Magic, Air Magic and Earth Magic.
   Melee Combat: Short Blades, Long Blades, Axes, Maces & Flails, Polearms,
   Staves and Unarmed Combat.
Wands
 b - a wand of paralysis (5)
 u - a wand of roots (10)
 z - a wand of quicksilver (14)
 M - a wand of digging (20)
Scrolls
 d - a scroll of silence {!r}
 f - 3 scrolls of enchant weapon
 h - 8 scrolls of enchant armour
 i - a scroll of torment {!r}
 m - 5 scrolls of teleportation {@r4}
 n - 2 scrolls of amnesia
 r - a scroll of blinking
 y - 6 scrolls of poison
 C - 4 scrolls of magic mapping
 H - 2 scrolls of fear
 I - 4 scrolls of summoning
 J - 2 scrolls of brand weapon
 R - 3 scrolls of fog
 T - 3 scrolls of vulnerability {!r}
Potions
 c - 4 potions of lignification {!q}
 e - 8 potions of brilliance
 j - 2 potions of berserk rage {!q}
 k - 7 potions of magic
 l - 5 potions of flight
 p - 3 potions of heal wounds {@q2}
 q - 2 potions of haste {@q3}
 s - 10 potions of curing {@q1}
 D - 3 potions of ambrosia
 G - a potion of invisibility
 L - 2 potions of attraction {!q}
 N - 3 potions of might
 O - 5 potions of mutation {!q}
 Q - 2 potions of cancellation
Miscellaneous
 V - a phantom mirror
 Y - a lightning rod (4/4)

Dungeon Overview and Level Annotations

Branches:
Dungeon (11/15)            Temple (1/1) D:6            Lair (5/5) D:9
  Swamp (0/4) Lair:2        Snake (0/4) Lair:2        Slime (0/5) Lair:5
    Orc (2/2) D:11         Bailey (visited)         Volcano (visited)
    Elf: Orc:2

Altars:
Ashenzari
Cheibriados
Dithmenos
Elyvilon
Fedhas
Gozag
Hepliaklqana
Kikubaaqudgha
Makhleb
Nemelex Xobeh
Okawaru
Qazlal
Ru
Sif Muna
Trog
Uskayaw
Vehumet
Wu Jian
Xom
Yredelemnul
Zin
The Shining One
Jiyva

Annotations:
Temple 2 transporters
Lair:4 2 transporters, kae's ghost, journeyman DsMo
Orc:1 Jorgrun

, .▒▒.. .......
..▒..▒......▒▒ ░
.▒....▒......▒.
,
.......g.......
,
...............
, ,
...............
.......[)......,
, ,,
.......g£...o..
▒......££......
...▒...........
, .
▒....▒......., ,
░ ,
▒▒...,......▒ ,
░ ▒▒.. .▒..... ,
, ▒▒.∆....... ,
▒.,....... , , ,


You could see Jorgrun and an orc warrior.


Message History

Jorgrun hits your fulminant prism with a +0 vorpal quarterstaff!
The grasping roots constrict you!
* * * LOW HITPOINT WARNING * * *
Your fulminant prism crackles loudly.
Jorgrun hits your fulminant prism with a +0 vorpal quarterstaff!!
Your fulminant prism explodes!
The blast of energy engulfs Jorgrun!!
Jorgrun is moderately wounded.
The grasping roots constrict you.
* * * LOW HITPOINT WARNING * * *
You hear a shout!
You hear a shout!
Unknown command.
Aiming: Fulminant Prism (safe; 1% risk of failure)
You conjure a prism of explosive energy!
A fulminant prism comes into view.
Jorgrun hits your fulminant prism with a +0 vorpal quarterstaff!
The grasping roots constrict you!
* * * LOW HITPOINT WARNING * * *
The orc warrior throws a boomerang.
The boomerang misses you.
Jorgrun hits your fulminant prism with a +0 vorpal quarterstaff!!
Your fulminant prism detonates feebly.
The grasping roots constrict you!
* * * LOW HITPOINT WARNING * * *
The orc warrior throws a boomerang.
The boomerang barely misses you.
Jorgrun points at you and mumbles some strange words.
The iron shot hits you!!
You die...

Action                   |  1- 3 |  4- 6 |  7- 9 | 10-12 | 13-15 || total
-------------------------+-------+-------+-------+-------+-------++-------
Melee: Dagger            |       |    12 |     7 |     2 |       ||    21
       Bite              |       |     1 |     7 |    50 |    53 ||   111
       Rapier            |       |       |    20 |       |       ||    20
       Dire flail        |       |       |    23 |     4 |       ||    27
       Punch             |       |       |     2 |     8 |    29 ||    39
       Quarterstaff      |       |       |       |    77 |       ||    77
       Lance             |       |       |       |   316 |   351 ||   667
 Cast: Magic Dart        |    60 |    58 |    87 |   153 |       ||   358
       Searing Ray       |     1 |     9 |    36 |    30 |       ||    76
       Fulminant Prism   |       |       |    16 |    80 |    56 ||   152
       Stone Arrow       |       |       |       |    65 |   193 ||   258
Invok: Curse Item        |       |       |     1 |     3 |     1 ||     5
       Shatter the Chain |       |       |       |     1 |       ||     1
Evoke: Wand              |       |       |     2 |     4 |     2 ||     8
  Use: Scroll            |       |       |       |     2 |     2 ||     4
       Potion            |       |       |       |     1 |     1 ||     2
 Stab: Sleeping          |       |     1 |     2 |     5 |     3 ||    11
       Distracted        |       |     1 |       |       |       ||     1
Armor: Robe              |       |    18 |    54 |   130 |   147 ||   349
Dodge: Dodged            |     7 |    42 |    95 |   274 |   348 ||   766

Levels and vault maps discovered:
D:1:      kilobyte_arrival_exit_the_forest, layout_loops_corners,
          chequers_ecumenical_altar_grove
D:2:      layout_loops_ring, serial_park_tiny_1, minmay_shallow_snake_nest
D:3:      layout_basic, amcnicky_altar_gilded, chequers_serial_rivers_large_a,
          kennysheep_jessica_study
D:4:      layout_basic, gammafunk_temple_overflow_statue,
          minmay_hollow_rounded_squares, uniq_edmund, uniq_menkaure,
          uniq_grinder, uniq_duvessa
D:5:      layout_cave_pools, kennysheep_mini_moat, serial_column_ruins,
          column_ruins_circle_medium, column_ruins_hut_water,
          column_ruins_open_tiny, column_ruins_grid_2, column_ruins_grid_1,
          column_ruins_grid_1, column_ruins_open_tiny_water,
          column_ruins_open_small
D:6:      layout_basic, mainiacjoe_overflow_six_doors_small,
          minmay_temple_entry_gardened_gates, uniq_maggie
D:7:      layout_basic
D:8:      layout_basic, nicolae_overflow_quartered_altars, uniq_prince_ribbit1,
          uniq_amaemon, uniq_erica, uniq_pikel
D:9:      old_forge, layout_basic, lair_entry_dummy, enter_bailey_7, uniq_psyche
D:10:     nicolae_cairo_tiling_very_big, layout_rooms, general_overflow_altar,
          tso_oasis_becter
D:11:     layout_loops_ring, erik_orc_3, chequers_arboretum, bh_circular_ruins
Temple:   hellmonk_temple_divided_pantheon
Lair:1:   layout_cave_pods, hellmonk_ghost_happy_afterlife, lemuel_fruit_fields,
          lemuel_fruit_tree
Lair:2:   layout_cave_pods, swamp_mist, dummy_snake_entry, uniq_urug
Lair:3:   lemuel_slime, layout_regular_city, grunt_forest_small_clearing_treed,
          serial_bayou_shore_a
Lair:4:   layout_small_grid, enter_volcano_4, gammafunk_ghost_berserking_beasts,
          beast_lair_carwin_10, lemuel_fruit_fields
Lair:5:   grunt_lair_end_beastmaster, layout_cave_pods,
          dpeg_slime_entry_enclosed, chequers_serial_rivers_room_b,
          dreamdust_mushroom_princess, uniq_rupert
Orc:1:    minmay_goldmine, layout_caves, elves_outpost_lemuel, uniq_jorgrun
Orc:2:    st_orc_elflike, layout_caves, basic_altar, gammafunk_ghost_smash,
          nicolae_orc_lava_room

Notes
Turn   | Place    | Note
-------+----------+-------------------------------------------
     0 | D:1      | sanka the Gnoll Conjurer began the quest for the Orb.
     0 | D:1      | Reached XP level 1. HP: 13/13 MP: 6/6
   257 | D:1      | Found a faded altar of an unknown god.
   345 | D:1      | Reached XP level 2. HP: 19/19 MP: 5/7
   348 | D:1      | Learned a level 2 spell: Searing Ray
  1301 | D:2      | Reached skill level 5 in Spellcasting
  1301 | D:2      | Reached XP level 3. HP: 25/25 MP: 4/9
  1481 | D:2      | Reached skill level 1 in Invocations
  1629 | D:2      | Reached skill level 1 in Fighting
  1629 | D:2      | Reached skill level 1 in Short Blades
  1629 | D:2      | Reached skill level 1 in Long Blades
  1629 | D:2      | Reached skill level 1 in Axes
  1629 | D:2      | Reached skill level 1 in Maces & Flails
  1629 | D:2      | Reached skill level 1 in Polearms
  1629 | D:2      | Reached skill level 1 in Staves
  1629 | D:2      | Reached skill level 1 in Ranged Weapons
  1629 | D:2      | Reached skill level 1 in Throwing
  1629 | D:2      | Reached skill level 1 in Armour
  1629 | D:2      | Reached skill level 1 in Shields
  1629 | D:2      | Reached skill level 1 in Unarmed Combat
  1629 | D:2      | Reached skill level 1 in Evocations
  2277 | D:3      | Found a shadowy altar of Dithmenos.
  2338 | D:3      | Noticed a centaur
  2351 | D:3      | Killed a centaur
  2352 | D:3      | Reached skill level 1 in Hexes
  2352 | D:3      | Reached skill level 1 in Summonings
  2352 | D:3      | Reached skill level 1 in Necromancy
  2352 | D:3      | Reached skill level 1 in Translocations
  2352 | D:3      | Reached skill level 1 in Transmutations
  2352 | D:3      | Reached skill level 1 in Fire Magic
  2352 | D:3      | Reached skill level 1 in Ice Magic
  2352 | D:3      | Reached skill level 1 in Air Magic
  2352 | D:3      | Reached skill level 1 in Earth Magic
  2352 | D:3      | Reached skill level 1 in Poison Magic
  2352 | D:3      | Reached XP level 4. HP: 13/32 MP: 4/11
  2352 | D:3      | Reached XP level 5. HP: 15/37 MP: 4/12
  3223 | D:3      | Noticed Jessica
  3231 | D:3      | Killed Jessica
  3232 | D:3      | Reached skill level 2 in Invocations
  3232 | D:3      | Reached XP level 6. HP: 44/44 MP: 8/13
  3278 | D:3      | Got Jessica's Collected Works on Black Mysteries
  3482 | D:4      | Noticed a black bear
  3498 | D:3      | Killed a black bear
  3499 | D:3      | Reached skill level 2 in Fighting
  3499 | D:3      | Reached skill level 2 in Short Blades
  3499 | D:3      | Reached skill level 2 in Long Blades
  3499 | D:3      | Reached skill level 2 in Axes
  3499 | D:3      | Reached skill level 2 in Maces & Flails
  3499 | D:3      | Reached skill level 2 in Polearms
  3499 | D:3      | Reached skill level 2 in Staves
  3499 | D:3      | Reached skill level 2 in Ranged Weapons
  3499 | D:3      | Reached skill level 2 in Throwing
  3499 | D:3      | Reached skill level 2 in Armour
  3499 | D:3      | Reached skill level 5 in Dodging
  3499 | D:3      | Reached skill level 2 in Shields
  3499 | D:3      | Reached skill level 2 in Unarmed Combat
  3499 | D:3      | Reached skill level 2 in Evocations
  3799 | D:4      | Noticed Duvessa
  3809 | D:4      | Learned a level 4 spell: Fulminant Prism
  4418 | D:4      | Found an ornate altar of the Wu Jian Council.
  4418 | D:4      | Found a blossoming altar of Fedhas.
  4447 | D:4      | Found a large runed translucent door.
  4448 | D:4      | Found a large runed translucent door.
  4455 | D:4      | Found a large runed translucent door.
  4455 | D:4      | Found a large runed translucent door.
  4460 | D:4      | Noticed a black bear
  4460 | D:4      | Noticed a steam dragon
  4483 | D:3      | Killed a black bear
  4484 | D:3      | Reached XP level 7. HP: 30/50 MP: 10/15
  4612 | D:4      | Killed a steam dragon
  4613 | D:4      | Reached skill level 2 in Hexes
  4613 | D:4      | Reached skill level 2 in Summonings
  4613 | D:4      | Reached skill level 2 in Necromancy
  4613 | D:4      | Reached skill level 2 in Translocations
  4613 | D:4      | Reached skill level 2 in Transmutations
  4613 | D:4      | Reached skill level 2 in Fire Magic
  4613 | D:4      | Reached skill level 2 in Ice Magic
  4613 | D:4      | Reached skill level 2 in Air Magic
  4613 | D:4      | Reached skill level 2 in Earth Magic
  4613 | D:4      | Reached skill level 2 in Poison Magic
  4840 | D:4      | Noticed Grinder
  4853 | D:4      | Killed Grinder
  4854 | D:4      | Reached skill level 5 in Stealth
  4854 | D:4      | Reached skill level 3 in Invocations
  5014 | D:4      | Noticed Edmund
  5038 | D:4      | Noticed Menkaure
  5052 | D:4      | Killed Menkaure
  5053 | D:4      | Reached skill level 3 in Fighting
  5053 | D:4      | Reached skill level 3 in Short Blades
  5053 | D:4      | Reached skill level 3 in Long Blades
  5053 | D:4      | Reached skill level 3 in Axes
  5053 | D:4      | Reached skill level 3 in Maces & Flails
  5053 | D:4      | Reached skill level 3 in Polearms
  5053 | D:4      | Reached skill level 3 in Staves
  5053 | D:4      | Reached skill level 3 in Ranged Weapons
  5053 | D:4      | Reached skill level 3 in Throwing
  5053 | D:4      | Reached skill level 3 in Armour
  5053 | D:4      | Reached skill level 3 in Shields
  5053 | D:4      | Reached skill level 3 in Unarmed Combat
  5053 | D:4      | Reached skill level 3 in Evocations
  5053 | D:4      | Reached XP level 8. HP: 31/58 MP: 6/16
  5228 | D:4      | Killed Edmund
  5229 | D:4      | Reached skill level 6 in Spellcasting
  5294 | D:4      | Noticed Dowan
  6039 | D:4      | Killed Duvessa
  6049 | D:4      | Killed Dowan
  6050 | D:4      | Reached skill level 3 in Hexes
  6050 | D:4      | Reached skill level 3 in Summonings
  6050 | D:4      | Reached skill level 3 in Necromancy
  6050 | D:4      | Reached skill level 3 in Translocations
  6050 | D:4      | Reached skill level 3 in Transmutations
  6050 | D:4      | Reached skill level 3 in Fire Magic
  6050 | D:4      | Reached skill level 3 in Ice Magic
  6050 | D:4      | Reached skill level 3 in Air Magic
  6050 | D:4      | Reached skill level 3 in Earth Magic
  6050 | D:4      | Reached skill level 3 in Poison Magic
  6050 | D:4      | Reached skill level 4 in Invocations
  6191 | D:5      | Entered Level 5 of the Dungeon
  6286 | D:4      | Reached skill level 6 in Dodging
  6588 | D:5      | Reached XP level 9. HP: 64/65 MP: 9/18
  6610 | D:5      | Reached skill level 4 in Fighting
  6610 | D:5      | Reached skill level 4 in Short Blades
  6610 | D:5      | Reached skill level 4 in Long Blades
  6610 | D:5      | Reached skill level 4 in Axes
  6610 | D:5      | Reached skill level 4 in Maces & Flails
  6610 | D:5      | Reached skill level 4 in Polearms
  6610 | D:5      | Reached skill level 4 in Staves
  6610 | D:5      | Reached skill level 4 in Ranged Weapons
  6610 | D:5      | Reached skill level 4 in Throwing
  6610 | D:5      | Reached skill level 4 in Armour
  6610 | D:5      | Reached skill level 4 in Shields
  6610 | D:5      | Reached skill level 4 in Unarmed Combat
  6610 | D:5      | Reached skill level 4 in Evocations
  6918 | D:5      | Reached skill level 6 in Stealth
  6918 | D:5      | Reached skill level 8 in Conjurations
  7163 | D:5      | Found a basalt altar of Yredelemnul.
  7665 | D:6      | Identified +0 swamp dragon scales
  7665 | D:6      | Noticed Maggie
  7681 | D:6      | Killed Maggie
  7801 | D:6      | Reached skill level 5 in Invocations
  7889 | D:6      | Found a staircase to the Ecumenical Temple.
  7896 | Temple   | Entered the Ecumenical Temple
  7896 | Temple   | Found a transporter.
  7896 | Temple   | Found a transporter.
  7898 | Temple   | Found a transporter.
  7898 | Temple   | Found a transporter.
  7920 | Temple   | Became a worshipper of Ashenzari the Shackled
  8408 | D:6      | Found an ancient bone altar of Kikubaaqudgha.
  8954 | D:7      | Reached skill level 7 in Spellcasting
  9113 | D:7      | Reached skill level 4 in Hexes
  9113 | D:7      | Reached skill level 4 in Summonings
  9113 | D:7      | Reached skill level 4 in Necromancy
  9113 | D:7      | Reached skill level 4 in Translocations
  9113 | D:7      | Reached skill level 4 in Transmutations
  9113 | D:7      | Reached skill level 4 in Fire Magic
  9113 | D:7      | Reached skill level 4 in Ice Magic
  9113 | D:7      | Reached skill level 4 in Air Magic
  9113 | D:7      | Reached skill level 4 in Earth Magic
  9113 | D:7      | Reached skill level 4 in Poison Magic
  9506 | D:7      | Reached skill level 5 in Fighting
  9506 | D:7      | Reached skill level 5 in Short Blades
  9506 | D:7      | Reached skill level 5 in Long Blades
  9506 | D:7      | Reached skill level 5 in Axes
  9506 | D:7      | Reached skill level 5 in Maces & Flails
  9506 | D:7      | Reached skill level 5 in Polearms
  9506 | D:7      | Reached skill level 5 in Staves
  9506 | D:7      | Reached skill level 5 in Ranged Weapons
  9506 | D:7      | Reached skill level 5 in Throwing
  9506 | D:7      | Reached skill level 5 in Armour
  9506 | D:7      | Reached skill level 5 in Shields
  9506 | D:7      | Reached skill level 5 in Unarmed Combat
  9506 | D:7      | Reached skill level 5 in Evocations
  9506 | D:7      | Reached XP level 10. HP: 71/74 MP: 9/21
  9627 | D:7      | Identified the +3 quarterstaff of Midsummer {vorpal, rElec
                  | rPois Str+3 Dex+2}
 10005 | D:8      | Reached * piety under Ashenzari
 10005 | D:8      | Reached ** piety under Ashenzari
 10026 | D:8      | Reached skill level 7 in Dodging
 10305 | D:8      | Noticed Amaemon
 10325 | D:8      | Killed Amaemon
 10489 | D:8      | Noticed an orange demon
 10508 | D:8      | Killed an orange demon
 10509 | D:8      | Reached skill level 7 in Stealth
 10509 | D:8      | Reached skill level 6 in Invocations
 10587 | D:8      | Noticed Pikel
 10621 | D:8      | Killed Pikel
 10750 | D:8      | Found a glowing silver altar of Zin.
 10761 | D:8      | Found a burning altar of Makhleb.
 11069 | D:8      | Found a radiant altar of Vehumet.
 11077 | D:8      | Noticed Prince Ribbit
 11087 | D:8      | Killed Prince Ribbit
 11187 | D:8      | Found a stormy altar of Qazlal.
 11408 | D:8      | Noticed Erica
 11425 | D:8      | Killed Erica
 11782 | D:9      | Found a staircase to the Lair.
 11804 | D:9      | Reached skill level 6 in Fighting
 11804 | D:9      | Reached skill level 6 in Short Blades
 11804 | D:9      | Reached skill level 6 in Long Blades
 11804 | D:9      | Reached skill level 6 in Axes
 11804 | D:9      | Reached skill level 6 in Maces & Flails
 11804 | D:9      | Reached skill level 6 in Polearms
 11804 | D:9      | Reached skill level 6 in Staves
 11804 | D:9      | Reached skill level 6 in Ranged Weapons
 11804 | D:9      | Reached skill level 6 in Throwing
 11804 | D:9      | Reached skill level 6 in Armour
 11804 | D:9      | Reached skill level 6 in Shields
 11804 | D:9      | Reached skill level 6 in Unarmed Combat
 11804 | D:9      | Reached skill level 6 in Evocations
 11878 | D:9      | Found a flagged portal.
 11903 | Bailey   | Entered a bailey
 11946 | Bailey   | Reached skill level 5 in Hexes
 11946 | Bailey   | Reached skill level 5 in Summonings
 11946 | Bailey   | Reached skill level 5 in Necromancy
 11946 | Bailey   | Reached skill level 5 in Translocations
 11946 | Bailey   | Reached skill level 5 in Transmutations
 11946 | Bailey   | Reached skill level 5 in Fire Magic
 11946 | Bailey   | Reached skill level 5 in Ice Magic
 11946 | Bailey   | Reached skill level 5 in Air Magic
 11946 | Bailey   | Reached skill level 5 in Earth Magic
 11946 | Bailey   | Reached skill level 5 in Poison Magic
 11946 | Bailey   | Reached XP level 11. HP: 80/84 MP: 15/24
 12026 | Bailey   | Noticed an orc knight
 12039 | Bailey   | Killed an orc knight
 12040 | Bailey   | Reached skill level 8 in Spellcasting
 12198 | Bailey   | Noticed a sixfirhy
 12632 | Bailey   | Identified a scroll of acquirement
 12638 | Bailey   | Acquired 1119 gold pieces
 12645 | Bailey   | Identified the +0 plate armour "Fasaar" {Will+}
 12937 | Bailey   | Reached skill level 9 in Conjurations
 12937 | Bailey   | Reached skill level 7 in Invocations
 13012 | Bailey   | Found an iron altar of Okawaru.
 13040 | Bailey   | Noticed an orc high priest
 13092 | Bailey   | Killed an orc high priest
 13093 | Bailey   | Reached skill level 8 in Dodging
 13675 | D:9      | Noticed Psyche
 13680 | D:9      | Killed Psyche
 14563 | D:10     | Entered Level 10 of the Dungeon
 14597 | D:10     | Reached skill level 8 in Stealth
 14890 | D:10     | Found a glowing golden altar of the Shining One.
 15043 | D:10     | Found an opulent altar of Gozag.
 15385 | D:10     | Noticed a two-headed ogre
 15401 | D:10     | Killed a two-headed ogre
 15737 | D:11     | Noticed a brown ugly thing
 15882 | D:11     | Found a staircase to the Orcish Mines.
 15900 | D:11     | Reached skill level 7 in Fighting
 15900 | D:11     | Reached skill level 7 in Short Blades
 15900 | D:11     | Reached skill level 7 in Long Blades
 15900 | D:11     | Reached skill level 7 in Axes
 15900 | D:11     | Reached skill level 7 in Maces & Flails
 15900 | D:11     | Reached skill level 7 in Polearms
 15900 | D:11     | Reached skill level 7 in Staves
 15900 | D:11     | Reached skill level 7 in Ranged Weapons
 15900 | D:11     | Reached skill level 7 in Throwing
 15900 | D:11     | Reached skill level 7 in Armour
 15900 | D:11     | Reached skill level 7 in Shields
 15900 | D:11     | Reached skill level 7 in Unarmed Combat
 15900 | D:11     | Reached skill level 7 in Evocations
 16043 | D:11     | Noticed a two-headed ogre
 16693 | D:11     | Killed a two-headed ogre
 16742 | D:11     | Killed a brown ugly thing
 16743 | D:11     | Reached XP level 12. HP: 91/91 MP: 15/25
 17858 | Lair:1   | Entered Level 1 of the Lair of Beasts
 17953 | Lair:1   | Reached skill level 6 in Hexes
 17953 | Lair:1   | Reached skill level 6 in Summonings
 17953 | Lair:1   | Reached skill level 6 in Necromancy
 17953 | Lair:1   | Reached skill level 6 in Translocations
 17953 | Lair:1   | Reached skill level 6 in Transmutations
 17953 | Lair:1   | Reached skill level 6 in Fire Magic
 17953 | Lair:1   | Reached skill level 6 in Ice Magic
 17953 | Lair:1   | Reached skill level 6 in Air Magic
 17953 | Lair:1   | Reached skill level 6 in Earth Magic
 17953 | Lair:1   | Reached skill level 6 in Poison Magic
 17963 | Lair:1   | Reached skill level 8 in Invocations
 18417 | Lair:1   | Reached skill level 9 in Spellcasting
 18479 | Lair:1   | Learned a level 3 spell: Stone Arrow
 18521 | Lair:1   | Noticed sastreii's ghost (journeyman GnWn)
 18524 | Lair:1   | Found a runed translucent door.
 19664 | Lair:1   | Killed sastreii's ghost
 19910 | Lair:2   | Reached skill level 9 in Dodging
 20041 | Lair:1   | HP: 9/94 [poisoned by a cane toad]
 20407 | Lair:2   | Noticed Urug
 20427 | Lair:2   | Killed Urug
 20674 | Lair:2   | Reached skill level 9 in Stealth
 20910 | Lair:2   | Found a staircase to the Swamp.
 20977 | Lair:2   | Found a staircase to the Snake Pit.
 21701 | Lair:3   | Reached skill level 8 in Fighting
 21701 | Lair:3   | Reached skill level 8 in Short Blades
 21701 | Lair:3   | Reached skill level 8 in Long Blades
 21701 | Lair:3   | Reached skill level 8 in Axes
 21701 | Lair:3   | Reached skill level 8 in Maces & Flails
 21701 | Lair:3   | Reached skill level 8 in Polearms
 21701 | Lair:3   | Reached skill level 8 in Staves
 21701 | Lair:3   | Reached skill level 8 in Ranged Weapons
 21701 | Lair:3   | Reached skill level 8 in Throwing
 21701 | Lair:3   | Reached skill level 8 in Armour
 21701 | Lair:3   | Reached skill level 8 in Shields
 21701 | Lair:3   | Reached skill level 8 in Unarmed Combat
 21701 | Lair:3   | Reached skill level 8 in Evocations
 22130 | Lair:3   | Reached XP level 13. HP: 100/101 MP: 22/27
 22663 | Lair:3   | Reached skill level 9 in Invocations
 22783 | Lair:3   | Reached skill level 10 in Conjurations
 23200 | Lair:4   | Found a transporter.
 23203 | Lair:4   | Noticed kae's ghost (journeyman DsMo)
 23203 | Lair:4   | Identified the +7 spear "Liules" {elec, rN+++ rCorr Dex-4}
 23203 | Lair:4   | Identified the ring "Dekeduby" {Ice Str+2}
 23264 | Lair:4   | Found a dark tunnel.
 23272 | Volcano  | Entered a volcano
 23513 | Volcano  | Reached skill level 7 in Hexes
 23513 | Volcano  | Reached skill level 7 in Summonings
 23513 | Volcano  | Reached skill level 7 in Necromancy
 23513 | Volcano  | Reached skill level 7 in Translocations
 23513 | Volcano  | Reached skill level 7 in Transmutations
 23513 | Volcano  | Reached skill level 7 in Fire Magic
 23513 | Volcano  | Reached skill level 7 in Ice Magic
 23513 | Volcano  | Reached skill level 7 in Air Magic
 23513 | Volcano  | Reached skill level 7 in Earth Magic
 23513 | Volcano  | Reached skill level 7 in Poison Magic
 24207 | Lair:4   | Reached skill level 10 in Spellcasting
 24416 | Lair:4   | Found a transporter.
 24820 | Lair:4   | Reached skill level 10 in Dodging
 25518 | Lair:5   | Entered Level 5 of the Lair of Beasts
 25518 | Lair:5   | Found the +8 frozen axe "Frostbite" {freezing cloud, *Noise
                  | Fly rC+}
 25893 | Lair:5   | Reached skill level 9 in Fighting
 25893 | Lair:5   | Reached skill level 9 in Short Blades
 25893 | Lair:5   | Reached skill level 9 in Long Blades
 25893 | Lair:5   | Reached skill level 9 in Axes
 25893 | Lair:5   | Reached skill level 9 in Maces & Flails
 25893 | Lair:5   | Reached skill level 9 in Polearms
 25893 | Lair:5   | Reached skill level 9 in Staves
 25893 | Lair:5   | Reached skill level 9 in Ranged Weapons
 25893 | Lair:5   | Reached skill level 9 in Throwing
 25893 | Lair:5   | Reached skill level 9 in Armour
 25893 | Lair:5   | Reached skill level 9 in Shields
 25893 | Lair:5   | Reached skill level 9 in Unarmed Combat
 25893 | Lair:5   | Reached skill level 9 in Evocations
 25898 | Lair:5   | Reached skill level 10 in Stealth
 26782 | Lair:5   | Noticed Rupert
 26791 | Lair:5   | Paralysed by Rupert for 4 turns
 26801 | Lair:5   | Reached XP level 14. HP: 111/111 MP: 20/29
 26804 | Lair:5   | Reached skill level 10 in Invocations
 27788 | Lair:5   | Found a viscous altar of Jiyva.
 27788 | Lair:5   | Found a staircase to the Slime Pits.
 28823 | Lair:5   | Paralysed by Rupert for 5 turns
 28853 | Lair:5   | Killed Rupert
 28854 | Lair:5   | Reached skill level 8 in Hexes
 28854 | Lair:5   | Reached skill level 8 in Summonings
 28854 | Lair:5   | Reached skill level 8 in Necromancy
 28854 | Lair:5   | Reached skill level 8 in Translocations
 28854 | Lair:5   | Reached skill level 8 in Transmutations
 28854 | Lair:5   | Reached skill level 8 in Fire Magic
 28854 | Lair:5   | Reached skill level 8 in Ice Magic
 28854 | Lair:5   | Reached skill level 8 in Air Magic
 28854 | Lair:5   | Reached skill level 8 in Earth Magic
 28854 | Lair:5   | Reached skill level 8 in Poison Magic
 29099 | Lair:5   | Noticed a dire elephant
 29125 | Lair:5   | Killed a dire elephant
 29230 | Lair:5   | Identified the amulet "Uzidayca" {rF+ Regen+}
 29274 | Lair:5   | Identified the +1 robe of Dishonour {Drain *Slow rF+++
                  | Dex+4}
 29513 | Orc:1    | Entered Level 1 of the Orcish Mines
 29750 | Orc:2    | Entered Level 2 of the Orcish Mines
 30120 | Orc:2    | Reached skill level 11 in Spellcasting
 30176 | Orc:2    | Found a bloodstained altar of Trog.
 30221 | Orc:1    | Noticed Jorgrun
 30283 | Orc:1    | Killed from afar by Jorgrun

Vanquished Creatures
  Rupert (Lair:5)
  A dire elephant (Lair:5)
  The ghost of sastreii the Nimble, a journeyman GnWn of Lugonu (Lair:1)
  A boulder beetle (Lair:4)
  Erica (D:8)
  2 hydras (Lair:5)
  A catoblepas (Lair:5)
  2 two-headed ogres
  3 death yaks (Lair:5)
  Urug (Lair:2)
  A deep troll shaman (Lair:5)
  An orc high priest (Bailey)
  Amaemon (D:8)
  2 skeletal warriors (Volcano)
  2 anaconda skeletons (Volcano)
  Pikel (D:8)
  3 orc knights
  An orc sorcerer (Orc:2)
  An ugly thing (D:11)
  An oklob plant (Lair:3)
  20 elephants
  2 black mambas
  13 cane toads
  An orange demon (D:8)
  A torpor snail (Lair:5)
  3 gargoyles (Volcano)
  An unseen horror (D:11)
  Maggie (D:6)
  3 rime drakes
  7 komodo dragons
  A kobold demonologist (Bailey)
  Psyche (D:9)
  2 polar bears (Lair:5)
  2 trolls (Orc:2)
  5 blink frogs (Lair:5)
  A hornet (Lair:4)
  Prince Ribbit (D:8)
  7 dream sheep (Lair:5)
  A harpy skeleton (Volcano)
  Grinder (D:4)
  3 flying skulls (Volcano)
  A vampire (D:9)
  A shadow (D:11)
  28 yaks
  8 wyverns
  2 steam dragons
  6 basilisks
  Menkaure (D:4)
  3 wargs
  Edmund (D:4)
  Duvessa (D:4)
  An acid dragon (D:10)
  10 water moccasins
  2 sky beasts
  3 ice beasts
  5 black bears
  20 orc warriors
  An ogre (Orc:1)
  26 wolves
  3 centaurs
  11 bullfrogs
  2 necrophages
  A gnoll sergeant (D:8)
  6 scorpions
  Dowan (D:4)
  A wight (D:4)
  6 killer bees
  A spriggan skeleton (Volcano)
  2 howler monkeys (D:8)
  5 electric eels (Bailey)
  11 orc priests
  8 jellies
  A hound (D:5)
  A gnoll bouda (D:7)
  Jessica (D:3)
  6 iguanas
  20 orc wizards
  A naga skeleton (Volcano)
  A human simulacrum (D:11)
  8 adders
  20 gnolls
  4 shadow imps
  3 white imps
  2 ufetubi (D:5)
  2 worms (D:4)
  70 orcs
  18 endoplasms
  2 giant cockroaches
  11 goblins
  10 hobgoblins
  2 jackals (D:2)
  4 kobolds
  7 quokkas
  9 ball pythons
  13 bats
  3 frilled lizards
  4 rats
506 creatures vanquished.

Vanquished Creatures (others)
  A two-headed ogre (D:11)
  A killer bee (D:8)
  An orc wizard (D:11)
  A human simulacrum (D:11)
  2 orcs (D:11)
  151 fulminant prisms
  51 fungi
  45 plants
253 creatures vanquished.

Grand Total: 759 creatures vanquished
